 Dungeon Sprint DCSS version 0.23.2-1-ga50397a (webtiles) character file.

Game seed: 12899490283620048780

185 wilfster70 the Skirmisher (level 5, -19/51 HPs)
             Began as a Minotaur Monk on May 23, 2019.
             Was a High Priest of Cheibriados.
             Demolished by a lorocyproca (29 damage)
             ... in the Dungeon (Sprint V: "Ziggurat Sprint").
             The game lasted 00:03:35 (191 turns).

wilfster70 the Skirmisher (Minotaur Monk)            Turns: 191, Time: 00:03:36

Health: -19/51     AC: 22    Str: 39    XL:     5   Next: 37%
Magic:  0/7        EV:  4    Int: 19    God:    Cheibriados [*****.]
Gold:   0          SH: 31    Dex: 23    Spells: 4/4 levels left

rFire    + + .     SeeInvis .   a - +8 lance "Wyrmbane" {slay drac, rPois rF+ rC+ AC+3}
rCold    + + .     Gourm    .   D - +18 shield of the Gong {rElec rN+ MR+ EV-5}
rNeg     + . .     Faith    .   j - +5 gold dragon scales
rPois    +         Spirit   .   (helmet restricted)
rElec    +         Reflect  .   (no cloak)
rCorr    .         Harm     .   (no gloves)
MR       +....     NoTele   +   (no boots)
Stlth    ..........             (no amulet)
HPRegen  0.17/turn              A - +6 ring of strength
MPRegen  0.10/turn              B - +6 ring of strength

@: very slow
A: retaliatory headbutt, horns 2
a: Bend Time, Temporal Distortion, Slouch, Step From Time, Renounce Religion


You were in the Dungeon.
You worshipped Cheibriados.
Cheibriados was extremely pleased with you.
You were not hungry.

You visited 1 branch

Inventory:

Hand Weapons
 a - the +8 lance "Wyrmbane" (weapon) {slay drac, rPois rF+ rC+ AC+3}
   (You found it in the Dungeon)

   It affects your AC (+3).
   It protects you from fire.
   It protects you from cold.
   It protects you from poison.
Armour
 j - +5 gold dragon scales (worn)
 D - the +18 shield of the Gong (worn) {rElec rN+ MR+ EV-5}
   (You found it in the Dungeon)

   It affects your evasion (-5).
   It insulates you from electricity.
   It protects you from negative energy.
   It affects your resistance to hostile enchantments.
Jewellery
 A - a +6 ring of strength (left hand)
 B - a +6 ring of strength (right hand)
Wands
 t - a wand of disintegration (7)
 u - a wand of iceblast (7)
 v - a wand of acid (7)
Scrolls
 i - 4 scrolls of blinking
 n - 4 scrolls of amnesia
 o - 7 scrolls of fog
 p - a scroll of holy word
 q - 5 scrolls of identify
 r - 5 scrolls of remove curse
 s - 2 scrolls of fear
Potions
 b - 2 potions of brilliance
 d - 10 potions of curing
 e - 8 potions of heal wounds
 f - 2 potions of invisibility
 g - 7 potions of magic
 h - 4 potions of resistance
 k - a potion of experience
 l - 5 potions of agility
 m - 5 potions of might
Miscellaneous
 w - a phantom mirror
Comestibles
 c - 7 rations


   Skills:
 + Level 6.6 Fighting
   Level 3.6(4.9) Axes
 + Level 5.0(5.6) Polearms
 + Level 5.1 Armour
 + Level 6.0 Dodging
 - Level 1.5 Stealth
 + Level 5.1 Shields
 + Level 4.3 Invocations


You had 4 spell levels left.
You didn't know any spells.
Your spell library was empty.

Dungeon Overview and Level Annotations

Branches:
Dungeon (1/1)

Altars:
Ashenzari
Cheibriados
Dithmenos
Elyvilon
Fedhas
Gozag
Hepliaklqana
Kikubaaqudgha
Makhleb
Nemelex Xobeh
Okawaru
Qazlal
Ru
Sif Muna
Trog
Uskayaw
Vehumet
Wu Jian
Xom
Yredelemnul
Zin
The Shining One
Beogh
Jiyva
Lugonu

Annotations:
D 1 transporter


Innate Abilities, Weirdness & Mutations

You reflexively headbutt those who attack you in melee.
You have a pair of horns on your head.


Message History

BONNNG!
The quasit barely misses you. Something hits you!
You feel your power leaking away. You block the quasit's attack.
GONNNNG!
The quasit barely misses you.
The quasit claws you but does no damage.
Your shield and gold dragon scales prevent you from hitting something.
Something hits you!
* * * LOW HITPOINT WARNING * * *
You block the quasit's attack.
GONNNNG!
You block the quasit's attack.
GONNNNG!
You block the quasit's attack.
GONNNNG!
Your shield and gold dragon scales prevent you from hitting something.
Something hits you!!
Ouch! That really hurt!
You die...

▓.....▓.....▓..©..▓
▓..©..▓..©..▓▓▓▓▓▓▓
▓▓▓▓▓▓▓▓▓▓▓▓▓▓
▓..8©8...▓
▓..)}....▓
▓...)....▓
▓........▓
▓..5{....▓
▓...@....▓
▓...©)...▓
▓▓▓▓▓▓▓▓▓▓


You could see a quasit.

Vanquished Creatures
  2 crimson imps (D)
  2 iron imps (D)
  An orc priest (D)
  2 mummies (D)
  2 ufetubi (D)
  An orc (D)
  A quokka zombie (D)
11 creatures vanquished.

Notes
Turn   | Place    | Note
-------+----------+-------------------------------------------
     0 | D        | Found the +6 Majin-Bo {vamp, Archmagi MP+6 Int+6}
     0 | D        | Found the +7 great mace "Firestarter" {inner flame, rF++}
     0 | D        | wilfster70 the Minotaur Monk began the quest for the Orb.
     0 | D        | Reached XP level 1. HP: 19/19 MP: 0/0
    15 | D        | Found a blossoming altar of Fedhas.
    16 | D        | Found an opulent altar of Gozag.
    16 | D        | Found a hazy altar of Hepliaklqana.
    16 | D        | Found a viscous altar of Jiyva.
    16 | D        | Found a transporter.
    20 | D        | Became a worshipper of Cheibriados the Contemplative
    20 | D        | Reached * piety under Cheibriados
    20 | D        | Reached ** piety under Cheibriados
    22 | D        | Found an ancient bone altar of Kikubaaqudgha.
    24 | D        | Found a corrupted altar of Lugonu.
    26 | D        | Found a burning altar of Makhleb.
    28 | D        | Found a deep blue altar of Sif Muna.
    28 | D        | Found a sacrificial altar of Ru.
    28 | D        | Found a bloodstained altar of Trog.
    28 | D        | Found a stormy altar of Qazlal.
    28 | D        | Found an iron altar of Okawaru.
    28 | D        | Found a sparkling altar of Nemelex Xobeh.
    45 | D        | Found the +9 heavy crossbow "Sniper" {velocity, Acc+∞ SInv}
    45 | D        | Found the +10 dark maul {crush}
    45 | D        | Found the +15 Maxwell's patent armour {-Cast -Tele rElec
                  | MR+ rCorr}
    45 | D        | Found the +18 shield of the Gong {rElec rN+ MR+ EV-5}
    45 | D        | Found the cursed +14 obsidian axe {chop, +Fly SInv *Curse}
    46 | D        | Found the +6 shillelagh "Devastator" {shatter}
    46 | D        | Found the +11 plutonium sword {*Contam Stlth-}
    46 | D        | Found the +8 lance "Wyrmbane" {slay drac, rPois rF+ rC+
                  | AC+3}
    46 | D        | Found the +9 sword of Zonguldrok {reap}
    46 | D        | Found the cursed +13 scythe of Curses {drain, *Curse}
    46 | D        | Found the +0 sword of Power
    46 | D        | Found the +7 mace of Variability {chain chaos}
    46 | D        | Found the +7 Singing Sword {slice, sonic wave}
    46 | D        | Found the +7 longbow "Piercer" {penet, EV-2}
   110 | D        | Entered arena 2.
   110 | D        | Noticed an orc priest
   110 | D        | Found a transporter.
   115 | D        | Killed an orc priest
   115 | D        | Reached XP level 2. HP: 28/28 MP: 0/2
   115 | D        | Reached XP level 3. HP: 34/34 MP: 0/3
   124 | D        | Entered arena 3.
   124 | D        | Found a transporter.
   126 | D        | Reached *** piety under Cheibriados
   130 | D        | Reached skill level 5 in Fighting
   156 | D        | Entered arena 4.
   156 | D        | Found a transporter.
   158 | D        | Reached skill level 5 in Dodging
   158 | D        | Reached XP level 4. HP: 42/42 MP: 5/5
   162 | D        | Reached XP level 5. HP: 50/50 MP: 6/6
   163 | D        | Reached **** piety under Cheibriados
   176 | D        | Entered arena 5.
   176 | D        | Found a transporter.
   181 | D        | Reached skill level 5 in Polearms
   181 | D        | Reached skill level 5 in Armour
   181 | D        | Reached skill level 5 in Shields
   184 | D        | Reached ***** piety under Cheibriados
   191 | D        | Demolished by a lorocyproca

Skill      XL: |  1  2  3  4  5 |
---------------+----------------+-----
Fighting       | 4 5 6 |  6.6
Polearms       | 2 3 4 5 |  5.0
Armour         | 2 3 4 5 |  5.1
Dodging        | 4 5 6 |  6.0
Shields        | 2 3 4 5 |  5.1
Invocations    | 2 3 4 |  4.3
Axes           | |  3.6
Stealth        | |  1.5

Action                   |  1- 3 |  4- 6 || total
-------------------------+-------+-------++-------
Melee: Lance             |     9 |    17 ||    26
       Headbutt          |     2 |     2 ||     4
  Use: Potion            |       |     2 ||     2
Armor: Gold dragon scale |     1 |    17 ||    18
Dodge: Dodged            |       |     7 ||     7
Block: Shield            |     6 |    50 ||    56
